 Dungeon Crawl Stone Soup version 0.31-a0-321-g19405a7a6a (webtiles) character file.

Game seed: 10708607828491894841

20 Shard1697 the Chiller (level 2, 0/20 HPs)
             Began as a Draconian Ice Elementalist on July 17, 2023.
             Succumbed to a kobold's poison
             ... on level 1 of the Dungeon.
             The game lasted 00:00:40 (597 turns).

Shard1697 the Chiller (Draconian Ice Elementalist)   Turns: 597, Time: 00:00:41

Health: 0/20       AC:  4    Str: 10    XL:     2   Next: 58%
Magic:  4/5        EV: 12    Int: 15    God:
Gold:   60         SH:  0    Dex: 11    Spells: 5/6 levels left

rFire   . . .        d - +3 short sword
rCold   . . .        (no shield)
rNeg    . . .        (body armour unavailable)
rPois   .            (helmet restricted)
rElec   .            (no cloak)
rCorr   .            (no gloves)
SInv    .            (no boots)
Will    .....        (no amulet)
Stlth   ++           (no ring)
HPRegen 0.23/turn    (no ring)
MPRegen 0.09/turn

%: no passive effects
@: lethally poisoned (0 -> -6), attractive
A: AC +4, unfitting armour, cold-blooded
a: no special abilities


You were on level 1 of the Dungeon.
You visited 1 branch of the dungeon, and saw 1 of its levels.

You collected 60 gold pieces.

Inventory:

Hand Weapons
 d - a +3 short sword (weapon)
Jewellery
 h - a ring of willpower
Scrolls
 b - a scroll of teleportation {unknown}
 e - a scroll of blinking {unknown}
 g - a scroll of identify {unknown}
Potions
 a - a potion of magic
 c - a potion of cancellation


   Skills:
 - Level 1.7 Dodging
 - Level 1.7 Stealth
 + Level 2.5 Spellcasting
 + Level 4.4 Ice Magic


You had 5 spell levels left.
You knew the following spells:

 Your Spells              Type           Power      Damage    Failure   Level
a - Freeze                Ice            60%        1d7       3%          1

Your spell library contained the following spells:

 Spells                   Type           Power      Damage    Failure   Level
 Frozen Ramparts          Ice            30%        1d5       11%         3
 Ozocubu's Armour         Ice            15%        N/A       11%         3
 Summon Ice Beast         Ice/Summ       8%         N/A       63%         4


Dungeon Overview and Level Annotations

Branches:
Dungeon (1/15)

Altars:


Innate Abilities, Weirdness & Mutations

Your plain brown scales are hard. (AC +4)
You cannot fit into any form of body armour.
You are cold-blooded and may be slowed by cold attacks.


Message History

A kobold is nearby!
The kobold shouts!
The kobold hits you with a +1 whip of venom.
You are poisoned.
You barely miss the kobold.
Your tail-slap misses the kobold.
You feel very sick. The kobold closely misses you.
You hit the kobold.
The kobold is moderately wounded.
You feel sick.
The kobold hits you with a +1 whip of venom.
You are lethally poisoned!
You are too injured to fight recklessly!
You are too injured to fight recklessly!
You are too injured to fight recklessly!
You are too injured to fight recklessly!
You are too injured to fight recklessly!
You are too injured to fight recklessly!
You are too injured to fight recklessly!
You closely miss the kobold.
The kobold is moderately wounded.
You feel very sick. The kobold hits you but does no damage.
Casting: Freeze (safe; 3% risk of failure)
Confirm with . or Enter, or press ? or * to list all spells.
Aiming: Freeze (safe; 3% risk of failure)
Press: ? - help, Shift-Dir - straight line, f - kobold
Aim: a kobold, wielding a +1 whip of venom (moderately wounded)
You freeze the kobold.
You kill the kobold!
* * * LOW HITPOINT WARNING * * *
You feel very sick.
It was a potion of cancellation.
You feel magically purged.
* * * LOW HITPOINT WARNING * * *
You feel very sick.
It was a potion of attraction.
You feel attractive to monsters.
* * * LOW HITPOINT WARNING * * *
You feel sick.
You die...

##################
.................#
################.#
### #.# ..#
######### #.# #.#
#.......# #.# ..#
#.#####.# #.# ..#
#.# #.# #@# ..#
#.# #.# #.#
P.####.#####.###)#
~♣............#..#
~~~####.####.##.##
~♣#####.# ####.
~.....#.# #.
..###.#.# #.
..#.#.#.# #.


There were no monsters in sight!

Vanquished Creatures
  An endoplasm (D:1)
  A giant cockroach (D:1)
  3 goblins (D:1)
  2 hobgoblins (D:1)
  7 kobolds (D:1)
  A quokka (D:1)
  A ball python (D:1)
  A bat (D:1)
  3 rats (D:1)
20 creatures vanquished.

Notes
Turn   | Place    | Note
-------+----------+-------------------------------------------
     0 | D:1      | Shard1697 the Draconian Ice Elementalist began the quest
                  | for the Orb.
     0 | D:1      | Reached XP level 1. HP: 14/14 MP: 3/3
   233 | D:1      | Reached XP level 2. HP: 20/20 MP: 5/5
   596 | D:1      | HP: 1/20 [poisoned by a kobold]
   597 | D:1      | Succumbed to a kobold's poison

Illustrated notes

Levels and vault maps discovered:
D:1:      roderic_octagonal_star, layout_loops_ring, serial_bayou_ford_a,
          minmay_distorted

Action                     || total
---------------------------++-------
  Melee: Short sword       ||    53
         Tailslap          ||     2
   Cast: Freeze            ||     2
    Use: Potion            ||     2
   Stab: Sleeping          ||     2
 Armour: Skin              ||    16
  Dodge: Dodged            ||    36

Table legend: (Time is in decaauts)
 A = Elapsed time spent in this place.
 B = Non-inter-level travel time spent in this place.
 C = Inter-level travel time spent in this place.
 D = Time resting spent in this place.
 E = Time spent auto-exploring this place.
 F = Levels seen in this place.
 G = Mean time per level.
                   A        B        C        D        E       F      G
               +--------+--------+--------+--------+--------+-----+--------+
         Total |    602 |    602 |      0 |      0 |    465 |   1 |  602.0 |
       Dungeon |    602 |    602 |      0 |      0 |    465 |   1 |  602.0 |
               +--------+--------+--------+--------+--------+-----+--------+

Top non-repeatable levels by time:
     D:1: 602 daAuts
